 Dungeon Crawl Stone Soup version 0.24.0-13-gcf9b319 (webtiles) character file.

Game seed: 1806772705180968343, levelgen mode: deterministic

10 Bronimir the Vexing (level 2, 0/21 HPs)
             Began as a Formicid Arcane Marksman on Mar 31, 2020.
             Succumbed to a kobold's poison
             ... on level 1 of the Dungeon.
             The game lasted 00:01:42 (449 turns).

Bronimir the Vexing (Formicid Arcane Marksman)       Turns: 449, Time: 00:01:43

Health: 0/21       AC:  9    Str: 14    XL:     2   Next: 30%
Magic:  3/3        EV:  6    Int: 12    God:
Gold:   48         SH:  0    Dex: 11    Spells: 2/3 levels left

rFire    + . .     SeeInvis +   b - +0 mace
rCold    . . .     Gourm    .   (no shield)
rNeg     . . .     Faith    .   h - +1 chain mail {rF+}
rPois    .         Spirit   .   (helmet unavailable)
rElec    .         Reflect  .   (no cloak)
rCorr    .         Harm     .   (no gloves)
MR       .....                  (no boots)
Stlth    ..........             (no amulet)
HPRegen  0.07/turn              (no ring)
MPRegen  0.08/turn              (no ring)

@: lethally poisoned (0 -> -6)
A: permanent stasis, dig shafts and tunnels, four strong arms, antennae 3
a: Dig, Shaft Self


You were on level 1 of the Dungeon.
You were not hungry.

You visited 1 branch of the dungeon, and saw 1 of its levels.

You collected 48 gold pieces.

Inventory:

Hand Weapons
 a - a +0 hand crossbow
 b - a +0 mace (weapon)
Missiles
 d - 17 bolts
 g - 35 sling bullets
 i - 26 stones (quivered)
Armour
 e - a +0 robe
 h - a +1 chain mail of fire resistance (worn)
Jewellery
 j - a +5 ring of strength {unknown}
Scrolls
 c - a scroll of enchant armour {unknown}
 l - a scroll of fog {unknown}
Comestibles
 f - 2 rations
 k - 3 chunks of flesh


   Skills:
 * Level 1.1 Fighting
 + Level 0.2 Maces & Flails
 * Level 2.0 Crossbows
 * Level 0.2 Armour
 + Level 1.7 Dodging
 + Level 1.1 Spellcasting
 * Level 4.2 Hexes


You had 2 spell levels left.
You knew the following spells:

 Your Spells              Type           Power        Failure   Level  Hunger
a - Corona                Hex            ##.....      85%         1    ##.....

Your spell library contained the following spells:

 Spells                   Type           Power        Failure   Level  Hunger
 Slow                     Hex            ##......     94%         2    ###....
 Inner Flame              Hex/Fire       #.......     100%        3    ####...
 Portal Projectile        Hex/Tloc       #.....       100%        3    ####...
 Cause Fear               Hex            ##........   100%        4    #####..
 Leda's Liquefaction      Hex/Erth       #.........   100%        4    #####..


Dungeon Overview and Level Annotations

Branches:
Dungeon (1/15)

Altars:


Innate Abilities, Weirdness & Mutations

You cannot be hasted, slowed, berserked, paralysed or teleported.
You can dig through walls and to a lower floor.
Your four strong arms can wield two-handed weapons with a shield.
You have a pair of large antennae on your head. (SInv)


Message History

You feel sick.
You feel sick.
You feel sick.
* * * LOW HITPOINT WARNING * * *
You feel sick.
Things that are here:
a +0 dagger of venom; a stone; a kobold corpse
* * * LOW HITPOINT WARNING * * *
You feel sick.
You see here a stone.
* * * LOW HITPOINT WARNING * * *
You feel sick.
You see here a stone.
* * * LOW HITPOINT WARNING * * *
You feel sick.
* * * LOW HITPOINT WARNING * * *
You feel sick.
* * * LOW HITPOINT WARNING * * *
You feel sick.
You die...

##....##### #....#
#....# { #....# .#
#....# .# #....# .#
#.#### .#
#.##################.#
#..............@...#.#
##################.#.#
#.......(.#
#.#####.### #.. #.#
#.#.#(# #.#.#(# #..
#.# #.###)#


There were no monsters in sight!

Vanquished Creatures
  A leopard gecko (D:1)
  2 jackals (D:1)
  3 frilled lizards (D:1)
  2 kobolds (D:1)
  2 rats (D:1)
10 creatures vanquished.

Notes
Turn   | Place    | Note
-------+----------+-------------------------------------------
     0 | D:1      | Bronimir the Formicid Arcane Marksman began the quest for
                  | the Orb.
     0 | D:1      | Reached XP level 1. HP: 15/15 MP: 2/2
   155 | D:1      | Reached skill level 4 in Hexes
   163 | D:1      | Reached XP level 2. HP: 9/21 MP: 3/3
   446 | D:1      | HP: 1/21 [poisoned by a kobold]
   449 | D:1      | Succumbed to a kobold's poison

Levels and vault maps discovered:
D:1:      beargit_arrival_greenhouse, layout_basic

Skill      XL: |  1 |
---------------+----+-----
Hexes          | 4 |  4.2
Fighting       | |  1.1
Maces & Flails | |  0.2
Crossbows      | |  2.0
Armour         | |  0.2
Dodging        | |  1.7
Spellcasting   | |  1.1

Action                   || total
-------------------------++-------
Melee: Mace              ||    17
 Fire: Hand crossbow     ||    28
Armor: Chain mail        ||    23
Dodge: Dodged            ||    17
